 Dungeon Crawl Stone Soup version 0.23-a0-207-g93a313e (webtiles) character file.

3311 MisterFreud the Destroyer (level 10, -2/75 HPs)
             Began as a Naga Fire Elementalist on Sept 24, 2018.
             Was an Elder of Cheibriados.
             Slain by a two-headed ogre
             ... wielding a +0 giant club
              (27 damage)
             ... on level 8 of the Dungeon.
             The game lasted 00:36:51 (8301 turns).

MisterFreud the Destroyer (Naga Fire Elementalist)  Turns: 8301, Time: 00:36:52

Health: -2/75      AC: 10    Str: 20    XL:     10   Next: 1%
Magic:  8/16       EV:  8    Int: 29    God:    Cheibriados [****..]
Gold:   82         SH:  5    Dex: 22    Spells: 5/13 levels left

rFire    . . .     SeeInvis +   z - +2 whip (venom)
rCold    . . .     Gourm    .   A - +0 buckler
rNeg     . . .     Faith    .   b - +0 robe
rPois    +         Spirit   .   R - +0 helmet
rElec    .         Reflect  .   (no cloak)
rCorr    .         Harm     .   O - +0 pair of gloves
MR       +....                  m - +0 naga barding
Stlth    +++.......             (no amulet)
HPRegen  0.22/turn              P - ring of wizardry
MPRegen  0.15/turn              g - ring of wizardry

@: about to teleport, very slow
A: large, see invisible, deformed body, poison resistance, slowness 2, slow
metabolism 1, spit poison 1, AC +3
a: Spit Poison, Bend Time, Temporal Distortion, Slouch, Renounce Religion


You were on level 8 of the Dungeon.
You worshipped Cheibriados.
Cheibriados was greatly pleased with you.
You were not hungry.

You visited 2 branches of the dungeon, and saw 9 of its levels.
You also visited: Sewer.

You collected 329 gold pieces.
You spent 247 gold pieces at shops.

Inventory:

Hand Weapons
 z - a +2 whip of venom (weapon)
Missiles
 a - 30 bolts
 d - 304 stones (quivered)
 i - 165 arrows
 w - 7 poisoned tomahawks
 x - 19 poisoned needles
 y - 32 sling bullets
 N - 2 tomahawks
 S - 3 javelins
Armour
 b - a +0 robe (worn)
 m - a +0 naga barding (worn)
 A - a +0 buckler (worn)
 L - the +1 helmet "Usun" {+Fly Int-4 Dex+8}
   (You bought it in a shop on level 6 of the Dungeon)

   It affects your intelligence (-4).
   It affects your dexterity (+8).
   It lets you fly.
 O - a +0 pair of gloves (worn)
 R - a +0 helmet (worn)
Jewellery
 g - a ring of wizardry (right hand)
 h - a +4 ring of protection
 K - a +4 ring of evasion
 P - a ring of wizardry (left hand)
Wands
 B - a wand of flame (19)
 C - a wand of enslavement (16)
Scrolls
 j - a scroll of enchant armour {unknown}
 k - 3 scrolls of remove curse {unknown}
 l - 8 scrolls of teleportation
 n - 4 scrolls of fog {unknown}
 o - 2 scrolls of immolation {unknown}
 p - a scroll of fear {unknown}
 r - a scroll of enchant weapon {unknown}
 s - a scroll of amnesia {unknown}
 v - 4 scrolls of magic mapping {unknown}
 F - 2 scrolls of blinking {unknown}
 H - 2 scrolls of random uselessness {unknown}
Potions
 e - a potion of agility
 f - 5 potions of curing
 q - 4 potions of heal wounds
 t - a potion of lignification
 u - 2 potions of ambrosia
 D - 3 potions of brilliance
 E - 2 potions of might
 G - a potion of magic {unknown}
 I - 2 potions of invisibility
 J - a potion of degeneration {unknown}
 M - a potion of flight {unknown}
Comestibles
 c - 10 rations
 Q - 3 chunks of flesh


   Skills:
 - Level 1.5 Dodging
 + Level 4.7 Stealth
 - Level 2.4 Shields
 - Level 2.3 Spellcasting
 - Level 8.0 Conjurations
 - Level 8.0 Fire Magic
 - Level 8.0 Invocations


You had 5 spell levels left.
You knew the following spells:

 Your Spells              Type           Power        Failure   Level  Hunger
a - Flame Tongue          Conj/Fire      #####        1%          1    None
b - Conjure Flame         Conj/Fire      #####...     1%          3    ###....
c - Sticky Flame          Conj/Fire      #####...     1%          4    ####...

Your spell library contained the following spells:

 Spells                   Type           Power        Failure   Level  Hunger
 Throw Flame              Conj/Fire      #####.       1%          2    ##.....
 Inner Flame              Hex/Fire       ####....     1%          3    ###....
 Fireball                 Conj/Fire      #####.....   2%          5    ######.


Dungeon Overview and Level Annotations

Branches:
Dungeon (8/15)             Temple (1/1) D:4
   Lair: D:8-11

Altars:
Ashenzari
Cheibriados
Dithmenos
Elyvilon
Gozag
Hepliaklqana
Kikubaaqudgha
Makhleb
Nemelex Xobeh
Qazlal
Ru
Sif Muna
Trog
Uskayaw
Wu Jian
Yredelemnul
The Shining One

Shops:
D:4 :   D:6 [

Annotations:
D:7 2 transporters


Innate Abilities, Weirdness & Mutations

You cannot wear boots.
Your serpentine skin is tough. (AC +3)
You have supernaturally acute eyesight. (SInv)
Armour fits poorly on your strangely shaped body.
Your system is resistant to poisons. (rPois)
You cover ground very slowly.
You have a slow metabolism.
You can spit poison.


Message History

You kill the killer bee!
Cheibriados thoroughly appreciates the change of pace.
You kill the killer bee!
Cheibriados thoroughly appreciates the change of pace.
Your Stealth skill increases to level 4!
You have reached level 10!
You kill the orc!
Cheibriados thoroughly appreciates the change of pace.
You kill the killer bee!
Cheibriados thoroughly appreciates the change of pace.
You feel somewhat more hungry.
You can no longer step out of the time flow.
Cheibriados lowers the support of your attributes as your movement quickens.
You see here a killer bee corpse.
The two-headed ogre hits you with a giant club! x2
Okay, then.
As you read the scroll of teleportation, it crumbles to dust.
You feel strangely unstable. The two-headed ogre closely misses you.
The two-headed ogre hits you with a giant club!!
You die...

..........+.........#
..........#####.....#
..........# #.....#
..........# #.)...#
..........#
###'######.#
.........<#
#..........#
..........#
#.#.########
.......#.##
#.#.........
######>#.# #
#@####O... ....#.#†#
#O# .† # #....#.#.#
#†#.#..# ..# #.#.#
#..†...# ..# #.#.#
#.#..)... ..# #.#.#
#.#..#... #.# #.# #.#
.# #. #.# #.# #.# .#
#.# #.# #.# #


You could see a two-headed ogre.

Vanquished Creatures
  2 hippogriffs (D:8)
  Menkaure (D:5)
  A hornet zombie (D:8)
  2 black bears (D:7)
  A sky beast (D:6)
  4 ogres
  A phantom (D:6)
  A centaur (D:7)
  A big kobold (D:8)
  5 bullfrogs
  A jelly (D:5)
  4 killer bees (D:8)
  8 crimson imps
  A quasit (D:8)
  4 hounds
  2 centaur skeletons
  2 orc priests
  2 bullfrog skeletons
  Ijyb (D:4)
  2 iguanas
  3 orc wizards
  8 worker ants
  A hound skeleton (D:6)
  A worker ant zombie (D:6)
  4 gnolls (D:5)
  12 adders
  3 river rats (Sewer)
  3 shadow imps
  2 oozes
  An adder zombie (D:7)
  2 adder skeletons
  4 worms
  4 dart slugs
  4 leopard geckos
  24 orcs
  8 bats
  8 giant cockroaches
  12 goblins
  5 hobgoblins
  8 jackals
  20 kobolds
  2 quokkas
  16 ball pythons
  9 frilled lizards
  A leopard gecko skeleton (D:4)
  A quokka skeleton (D:4)
  31 rats
243 creatures vanquished.

Notes
Turn   | Place    | Note
-------+----------+-------------------------------------------
     0 | D:1      | MisterFreud the Naga Fire Elementalist began the quest for
                  | the Orb.
     0 | D:1      | Reached XP level 1. HP: 15/15 MP: 3/3
   319 | D:1      | Reached XP level 2. HP: 22/22 MP: 3/5
   781 | D:1      | Reached XP level 3. HP: 28/28 MP: 4/6
  1145 | D:1      | Learned a level 3 spell: Conjure Flame
  1219 | D:2      | Found a shadowy altar of Dithmenos.
  1455 | D:2      | Reached XP level 4. HP: 34/36 MP: 5/7
  2699 | D:3      | Reached XP level 5. HP: 40/42 MP: 5/8
  2708 | D:3      | Learned a level 4 spell: Sticky Flame
  2985 | D:4      | Noticed Ijyb
  3005 | D:4      | Killed Ijyb
  3005 | D:4      | Reached skill level 1 in Shields
  3057 | D:4      | Noticed an ogre
  3104 | D:4      | Killed an ogre
  3104 | D:4      | Reached XP level 6. HP: 49/49 MP: 4/9
  3231 | D:4      | Found a staircase to the Ecumenical Temple.
  3240 | Temple   | Entered the Ecumenical Temple
  3293 | Temple   | Became a worshipper of Cheibriados the Contemplative
  3369 | D:4      | Found a glowing drain.
  3389 | Sewer    | Entered a sewer
  3555 | Sewer    | Reached * piety under Cheibriados
  3693 | Sewer    | Reached skill level 5 in Fire Magic
  3856 | Sewer    | Reached XP level 7. HP: 55/55 MP: 10/10
  3923 | Sewer    | Reached ** piety under Cheibriados
  3926 | Sewer    | Reached skill level 5 in Conjurations
  3951 | Sewer    | Reached skill level 1 in Invocations
  4439 | D:4      | Found Kugux's Book Shoppe.
  4648 | D:5      | Entered Level 5 of the Dungeon
  4760 | D:5      | Reached XP level 8. HP: 38/62 MP: 6/11
  5019 | D:5      | Reached *** piety under Cheibriados
  5371 | D:5      | Found a burning altar of Makhleb.
  5387 | D:5      | Noticed Menkaure
  5430 | D:5      | Killed Menkaure
  6593 | D:6      | Found Waittoru's Antique Armour Emporium.
  6612 | D:6      | Reached XP level 9. HP: 68/68 MP: 5/12
  6617 | D:6      | Bought a faintly glowing helmet for 247 gold pieces
  6622 | D:6      | Identified the +1 helmet "Usun" {+Fly Int-4 Dex+8} (You
                  | bought it in a shop on level 6 of the Dungeon)
  7061 | D:7      | Found a transporter.
  7131 | D:7      | Reached **** piety under Cheibriados
  7171 | D:7      | Found a transporter.
  7747 | D:8      | Reached skill level 5 in Invocations
  8286 | D:8      | Reached ***** piety under Cheibriados
  8296 | D:8      | Noticed a two-headed ogre
  8297 | D:8      | Reached XP level 10. HP: 40/75 MP: 11/16
  8301 | D:8      | Slain by a two-headed ogre

Vault maps used:
D:1:      dpeg_arrival_rhombi, minmay_misc_feat_encased
D:2:      nicolae_dithmenos_shadow_blocks, minmay_domino_4
D:3:      st_stairs_10
D:4:      minmay_temple_entry_purple_smoke, cheibrodos_sewer_entry_drain,
          first_ration, serial_shops, nicolae_shop_stone, serial_forest,
          infiniplex_forest_clump_curved, infiniplex_forest_clump_double,
          infiniplex_forest_clump_small, infiniplex_forest_clump_diagonal,
          infiniplex_forest_end_2, infiniplex_forest_end_2,
          infiniplex_forest_clump_medium, minmay_vboxes, uniq_ijyb
D:5:      basic_altar, minmay_misc_feat_tower, uniq_menkaure
D:6:      serial_shops, shop_statue
D:7:      gammafunk_steamed_eel
D:8:      serial_shops, kennysheep_mini_moat
Temple:   regret_index_temple_sigil_plot
Sewer:    sewer_minmay_w

Skill      XL: |  1  2  3  4  5  6  7  8  9 |
---------------+----------------------------+-----
Conjurations   | 2 3 4 5 7 8 |  8.0
Fire Magic     | 4 5 7 8 |  8.0
Shields        | 2 |  2.4
Invocations    | 4 8 |  8.0
Stealth        | 4 |  4.7
Dodging        | |  1.5
Spellcasting   | |  2.3

Action                   |  1- 3 |  4- 6 |  7- 9 | 10-12 || total
-------------------------+-------+-------+-------+-------++-------
Melee: Whip              |     7 |    71 |   297 |       ||   375
Throw: Stone             |       |     4 |     1 |       ||     5
 Cast: Flame Tongue      |    61 |    79 |    42 |       ||   182
       Sticky Flame      |       |     4 |    19 |       ||    23
       Conjure Flame     |       |       |     1 |       ||     1
Invok: Slouch            |       |       |     1 |     1 ||     2
 Abil: Spit Poison       |     9 |    13 |    11 |       ||    33
  Use: Scroll            |     3 |     3 |     5 |     1 ||    12
 Stab: Sleeping          |       |     1 |     6 |       ||     7
  Eat: Chunk             |     2 |     9 |     7 |       ||    18
       Ration            |       |       |     2 |       ||     2
Armor: Robe              |    18 |    71 |   191 |       ||   280
Dodge: Dodged            |    31 |    50 |   154 |     1 ||   236
Block: Buckler           |       |    13 |    87 |       ||   100

Table legend:
 A = Non-vault XP
 B = Vault XP
 C = Vault XP percentage of total XP
 D = Non-vault monster count
 E = Vault monster count
 F = Vault count percentage of total count
                 A         B        C        D         E       F
            +---------+---------+-------+---------+---------+-------
      Total |    4045 |     685 |  14.5 |     181 |      62 |  25.5
            +---------+---------+-------+---------+---------+-------
        D:1 |      48 |       0 |   0.0 |      26 |       0 |   0.0
        D:2 |      47 |      18 |  27.7 |      17 |       4 |  19.0
        D:3 |     132 |      16 |  10.8 |      27 |       3 |  10.0
        D:4 |     339 |     187 |  35.6 |      26 |       6 |  18.8
        D:5 |     435 |     169 |  28.0 |      14 |       1 |   6.7
        D:6 |     745 |       0 |   0.0 |      18 |       0 |   0.0
        D:7 |     653 |       0 |   0.0 |      18 |       0 |   0.0
        D:8 |    1646 |       0 |   0.0 |      35 |       0 |   0.0
      Sewer |       0 |     295 | 100.0 |       0 |      48 | 100.0
            +---------+---------+-------+---------+---------+-------
